 Dungeon Crawl Stone Soup version 0.27.1-33-g824d729ab1 (webtiles) character file.

Game seed: 12570124780351871680

108 buriedalive the Chiller (level 4, 0/36 HPs)
             Began as a Deep Elf Ice Elementalist on Dec 22, 2021.
             Slain by a phantom (2 damage)
             ... on level 3 of the Dungeon on Dec 31, 2021.
             The game lasted 00:07:49 (3266 turns).

buriedalive the Chiller (Deep Elf Ice Elementalist) Turns: 3266, Time: 00:07:49

Health: 0/36       AC: 22    Str:  4 (5)  XL:     4   Next: 58%
Magic:  12/12      EV:  2    Int: 20 (21) God:
Gold:   81         SH:  0    Dex: 12 (15) Spells: 4/11 levels left

rFire    . . .     SeeInvis .   f - +1 short sword (elec)
rCold    + . .     Faith    .   (no shield)
rNeg     + + +     Spirit   .   (armour currently unavailable)
rPois    +         Reflect  .   (helmet currently unavailable)
rElec    .         Harm     .   (cloak currently unavailable)
rCorr    .         Rampage  .   (gloves currently unavailable)
Will     .....     Clarity  +   (boots currently unavailable) Stlth ++........NoTele +
                                (no amulet)
HPRegen  0.12/turn              m - ring of protection from cold
MPRegen  0.13/turn              (no ring)

@: tree-form, hasted, very quick
A: stationary, stasis, torment immunity, boosted hp, clarity, deterioration 1
a: no special abilities


You were on level 3 of the Dungeon.
You were a tree.
You visited 1 branch of the dungeon, and saw 3 of its levels.

You collected 81 gold pieces.

Inventory:

Hand Weapons
 e - a +0 whip
 f - a +1 short sword of electrocution (weapon)
Missiles
 d - 12 poisoned darts
Armour
 a - a +0 robe (melded)
 j - a +0 pair of boots (melded)
Magical Staves
 l - a staff of fire
Jewellery
 m - a ring of protection from cold (left branch)
Wands
 k - a wand of charming (13)
Scrolls
 b - a scroll of fog {unknown}
 c - 2 scrolls of identify {unknown}
 g - a scroll of vulnerability {unknown}


   Skills:
 + Level 3.9 Dodging
 - Level 2.4 Stealth
 + Level 4.4 Spellcasting
 + Level 5.2 Ice Magic


You had 4 spell levels left.
You knew the following spells:

 Your Spells              Type           Power      Damage    Failure   Level
a - Freeze                Ice            100%       1d11      1%          1
b - Ozocubu's Armour      Ice            25%        N/A       4%          3
c - Frozen Ramparts       Ice            50%        1d7       4%          3

Your spell library contained the following spells:

 Spells                   Type           Power      Damage    Failure   Level
 Hailstorm                Conj/Ice       15%        3d5       38%         4
 Animate Dead             Necr           2%         N/A       77%         4
 Blade Hands              Tmut           2%         N/A       98%         5
 Borgnjor's Vile Clutch   Necr/Erth      2%         N/A       98%         5
 Irradiate                Conj/Tmut      2%         3d14      98%         5
 Death Channel            Necr           2%         N/A       100%        6
 Dragon Form              Tmut           2%         N/A       100%        7


Dungeon Overview and Level Annotations

Branches:
Dungeon (3/15)

Altars:

Shops:
D:1 [[?!=


Innate Abilities, Weirdness & Mutations

You are a tree.
Your roots penetrate the ground, keeping you stationary.
You cannot be teleported.
You are immune to unholy pain and torment.
Your maximum health is greatly increased.
Your equipment is partially melded.
You possess an exceptional clarity of mind.
Your body sometimes deteriorates upon taking damage.


Message History

You see here a fuming brown potion.
n - a fuming brown potion The phantom barely misses you.
A ball python comes into view.
Found a book of Transfigurations.
You see here a book of Transfigurations.
You pick up a book of Transfigurations and begin reading...
You add the spells Irradiate, Blade Hands and Dragon Form to your library.
The phantom hits you.
The phantom blinks!
You blink.
The phantom barely misses you.
Found a bubbling red potion.
You see here a bubbling red potion.
o - a bubbling red potion The phantom hits you but does no damage.
You hit the phantom.
The phantom is lightly damaged.
The phantom completely misses you.
You hit the phantom.
The phantom is moderately damaged.
The phantom hits you.
The phantom blinks!
You blink.
The phantom hits you.
* * * LOW HITPOINT WARNING * * *
The phantom blinks!
You blink.
Found a metallic sapphire potion.
The phantom hits you but does no damage.
The phantom hits you!
* * * LOW HITPOINT WARNING * * *
It was a potion of degeneration.
There was something very wrong with that liquid.
You feel weakened.
You feel dopey.
You feel clumsy. The phantom misses you.
It was a potion of mutation.
You feel extremely strange.
You feel yourself wasting away.
Your thoughts seem clearer.
The phantom closely misses you.
It was a potion of lignification.
You turn into a tree.
Your +0 pair of boots melds into your body.
Your +0 robe melds into your body.
Your roots penetrate the ground.
The phantom hits you but does no damage.
It was a potion of haste.
You feel yourself speed up. The phantom hits you.
You die...

##.##.##.##.####.#######
#.###.###.##..........#
####.## #. #.........!.
### $# ##.#........
######.#.######.
#..#.#.#.######+#######
#..#.# #.#......?.....#
#....###.#....!.......#
#....W♣..#............#
##########.)..........#
#............#
#....l.......#
#............#
#............#
#............#
#.............
########..###.


You could see a phantom.

Vanquished Creatures
  3 adders
  A worm (D:2)
  2 dart slugs
  2 orcs
  8 ball pythons
  6 endoplasms
  A giant cockroach (D:1)
  3 goblins
  9 hobgoblins
  7 jackals (D:1)
  4 quokkas
  6 bats
  3 frilled lizards
  5 kobolds
  A rat (D:2)
61 creatures vanquished.

Notes
Turn   | Place    | Note
-------+----------+-------------------------------------------
     0 | D:1      | buriedalive the Deep Elf Ice Elementalist began the quest
                  | for the Orb.
     0 | D:1      | Reached XP level 1. HP: 10/10 MP: 6/6
    22 | D:1      | Found Hoogoekh's Antique Armour Emporium.
   178 | D:1      | Found Uxuulot's Antique Armour Shop.
   213 | D:1      | Found Denoajann's Magic Scroll Shop.
   249 | D:1      | Reached XP level 2. HP: 12/15 MP: 5/8
   327 | D:1      | Found Enyed's Distillery.
   379 | D:1      | Found Peaxois's Jewellery Boutique.
   467 | D:1      | Found a faded altar of an unknown god.
   616 | D:1      | Reached XP level 3. HP: 17/19 MP: 7/10
   639 | D:1      | Learned a level 3 spell: Ozocubu's Armour
   643 | D:1      | Learned a level 3 spell: Frozen Ramparts
  2010 | D:2      | Reached skill level 5 in Ice Magic
  2462 | D:2      | Reached XP level 4. HP: 24/24 MP: 10/12
  3198 | D:3      | Noticed a phantom
  3259 | D:3      | HP: 1/24 [phantom (8)]
  3264 | D:3      | Gained mutation: Your body sometimes deteriorates upon
                  | taking damage. [potion of mutation]
  3264 | D:3      | Gained mutation: You possess an exceptional clarity of
                  | mind. [potion of mutation]
  3266 | D:3      | Slain by a phantom

Illustrated notes

Levels and vault maps discovered:
D:1:      minmay_arrival_cross, layout_loops_ring, serial_shops, shop, shop,
          nicolae_shop_statue_plus, nicolae_shop_stone,
          nicolae_shop_behind_doors,
          hellmonk_ecumenical_altar_pennies_from_heaven, skrybe_limestone_x,
          item_on_display_a
D:2:      minmay_alternating_diamond, layout_basic, serial_curves,
          eino_curves_02, eino_curves_01, eino_curves_04
D:3:      layout_basic, minmay_increasing_density

Skill      XL: |  1  2  3 |
---------------+----------+-----
Dodging        | 3 |  3.9
Spellcasting   | 4 |  4.4
Ice Magic      | 5 |  5.2
Stealth        | |  2.4

Action                   |  1- 3 |  4- 6 || total
-------------------------+-------+-------++-------
Melee: Unarmed           |     3 |       ||     3
       Whip              |     5 |       ||     5
       Short sword       |    49 |    20 ||    69
 Cast: Freeze            |    45 |     9 ||    54
       Frozen Ramparts   |     3 |     2 ||     5
       Ozocubu's Armour  |     1 |       ||     1
  Use: Scroll            |     1 |       ||     1
       Potion            |       |     4 ||     4
 Stab: Sleeping          |     5 |     3 ||     8
Armor: Robe              |    16 |    10 ||    26
       Skin              |       |     1 ||     1
Dodge: Dodged            |    51 |    15 ||    66
